 Dungeon Crawl Stone Soup version 0.30-a0-737-gf23d94013f (webtiles) character file.

Game seed: 7267391715712188128

112 browni3141 the Sneak (level 4, 0/20 HPs)
             Began as a Felid Necromancer on Feb 3, 2023.
             Slain by a hobgoblin (3 damage)
             ... led by Robin
             ... on level 3 of the Dungeon.
             The game lasted 00:04:15 (2338 turns).

browni3141 the Sneak (Felid Necromancer)            Turns: 2338, Time: 00:04:16

Health: 0/20       AC:  1    Str:  4    XL:     4   Next: 63%
Magic:  8/8        EV: 18    Int: 19    God:
Gold:   117        SH:  0    Dex: 16    Spells: 3/7 levels left
                                        Lives:  0   Deaths: 1

rFire   . . .      SeeInvis +      - Unarmed
rCold   . . .      Faith    .    (shield unavailable)
rNeg    . . .      Spirit   .    (body armour unavailable)
rPois   .          Reflect  .    (helmet unavailable)
rElec   .          Harm     .    (cloak unavailable)
rCorr   .          Rampage  .    (gloves unavailable)
Will    +....                    (boots unavailable)
Stlth   +++                      (no amulet)
HPRegen 0.23/turn                c - ring of willpower
MPRegen 0.11/turn                (no ring)

@: quick
A: very small, claws 1, fangs 3, see invisible, speed 1, shaggy fur 1, stealthy
paws, no weapons or thrown items, no armour, multi-lived
a: no special abilities


You were on level 3 of the Dungeon.
You visited 1 branch of the dungeon, and saw 3 of its levels.

You collected 117 gold pieces.

Inventory:

Jewellery
 c - a ring of willpower (left paw)
Wands
 g - a wand of polymorph (8)
 i - a wand of flame (4)
Scrolls
 b - 3 scrolls of teleportation {unknown}
 e - a scroll of poison {unknown}
 f - 4 scrolls of identify {unknown}
Potions
 a - a potion of magic
 d - a potion of curing
 h - a potion of flight {unknown}
 j - a potion of brilliance {unknown}


   Skills:
 + Level 2.5 Fighting
 * Level 4.1 Dodging
 * Level 4.3 Stealth
 + Level 2.4 Unarmed Combat
 - Level 2.0 Spellcasting
 - Level 4.0 Necromancy
 + Level 0.9 Evocations


You had 3 spell levels left.
You knew the following spells:

 Your Spells              Type           Power      Damage    Failure   Level
a - Necrotise             Necr           68%        1d7       3%          1
b - Vampiric Draining     Necr           17%        2d7       10%         3

Your spell library contained the following spells:

 Spells                   Type           Power      Damage    Failure   Level
 Animate Dead             Necr           17%        N/A       32%         4
 Agony                    Necr           17%        N/A       65%         5


Dungeon Overview and Level Annotations

Branches:
Dungeon (3/15)

Altars:

Annotations:
D:3 Robin


Innate Abilities, Weirdness & Mutations

You have sharp claws.
You have razor-sharp teeth.
You have supernaturally acute eyesight. (SInv)
You cover ground quickly. (Speed+)
You are covered in fur. (AC +1)
Your paws help you pounce on unaware monsters.
You are incapable of wielding weapons or throwing items.
You cannot wear armour.
You gain extra lives every three experience levels.


Message History

The goblin shouts! x3; The hobgoblin shouts!
You scratch the goblin.
The goblin is severely wounded.
You hear an angry hiss.
The goblin hits you with a +0 club.
You scratch the goblin.
You kill the goblin!
Found a dagger.
The hobgoblin misses you. The goblin completely misses you.
You see here a +0 club.
You completely miss the goblin.
The hobgoblin hits you but does no damage.
The goblin closely misses you. The goblin hits you with a +0 dagger.
* * * LOW HITPOINT WARNING * * *
The goblin closely misses you.
You are too injured to fight recklessly!
You are too injured to fight recklessly!
You scratch the goblin. You bite the goblin.
You kill the goblin!
The goblin completely misses you. The hobgoblin hits you.
* * * LOW HITPOINT WARNING * * *
The goblin completely misses you. Robin throws the goblin at you!
You are too injured to fight recklessly!
You are too injured to fight recklessly!
You are too injured to fight recklessly!
You scratch the goblin.
You kill the goblin!
The goblin misses you. The hobgoblin barely misses you.
The goblin closely misses you. The hobgoblin barely misses you.
The goblin closely misses you.
You are too injured to fight recklessly!
You scratch the goblin but do no damage.
The goblin misses you. The hobgoblin misses you.
The goblin completely misses you. The hobgoblin misses you.
The goblin closely misses you. The goblin misses you.
You barely miss the goblin. You bite the goblin.
The goblin is heavily wounded.
A frilled lizard comes into view.
The goblin closely misses you. The hobgoblin misses you. The goblin misses you.
The hobgoblin hits you.
You die...

#### .. . ##...
. .. #.^. .# .
...####..####.
.. ......gg.##..
...
.....gggg##.# ..
l...ggg@g##.##.#
..)#.###g......#
####.####
#.......#
#.##.##.# #
#.##.#####..
#...<......#
#...###.#######
.. # #.#


You could see Robin, 3 hobgoblins, 7 goblins and a frilled lizard.

Vanquished Creatures
  Jessica (D:2)
  Natasha (thrice) (D:2)
  3 adders (D:2)
  A worm (D:1)
  A dart slug (D:1)
  4 bats
  3 endoplasms
  3 giant cockroaches
  10 goblins
  2 hobgoblins (D:2)
  4 jackals (D:1)
  5 kobolds
  3 quokkas
  A ball python (D:1)
  2 frilled lizards (D:2)
  5 rats
51 creatures vanquished.

Vanquished Creatures (collateral kills)
  An adder (D:2)
  2 endoplasms
  A ball python (D:1)
  A goblin (D:1)
5 creatures vanquished.

Vanquished Creatures (others)
  An octopode (D:1)
  2 trolls (D:1)
  A merfolk (D:1)
  A vampire (D:1)
  A formicid (D:1)
  2 spriggans (D:1)
  2 dwarves (D:1)
  A tengu (D:1)
  2 orcs (D:1)
  2 kobolds (D:1)
  6 tentacles (D:1)
21 creatures vanquished.

Grand Total: 77 creatures vanquished

Notes
Turn   | Place    | Note
-------+----------+-------------------------------------------
     0 | D:1      | browni3141 the Felid Necromancer began the quest for the
                  | Orb.
     0 | D:1      | Reached XP level 1. HP: 7/7 MP: 4/4
     2 | D:1      | Noticed a troll
     2 | D:1      | Noticed a spriggan
     2 | D:1      | Noticed a formicid
     2 | D:1      | Noticed a merfolk
     2 | D:1      | Noticed a dwarf
     2 | D:1      | Noticed a troll
     2 | D:1      | Noticed a kraken
     2 | D:1      | Noticed a tengu
     2 | D:1      | Noticed a vampire
     2 | D:1      | Noticed a spriggan
     2 | D:1      | Noticed a dwarf
     2 | D:1      | Noticed an octopode
     4 | D:1      | Killed a troll
     6 | D:1      | Killed a vampire
     8 | D:1      | Killed a merfolk
     9 | D:1      | Killed an octopode
    10 | D:1      | Killed a tengu
    11 | D:1      | Killed a spriggan
    12 | D:1      | Killed a troll
    12 | D:1      | Killed a dwarf
    13 | D:1      | Killed a dwarf
    13 | D:1      | Killed a spriggan
    14 | D:1      | Killed a formicid
   307 | D:1      | Reached XP level 2. HP: 12/12 MP: 4/6
   336 | D:1      | Reached skill level 1 in Fighting
   336 | D:1      | Reached skill level 1 in Unarmed Combat
  1053 | D:1      | Reached XP level 3. HP: 10/16 MP: 0/7
  1199 | D:2      | Noticed Jessica
  1341 | D:2      | Killed Jessica
  1342 | D:2      | Reached XP level 4. HP: 19/19 MP: 5/8
  1569 | D:2      | Learned a level 3 spell: Vampiric Draining
  1656 | D:2      | Noticed Natasha
  1664 | D:2      | Killed Natasha
  1737 | D:2      | Noticed Natasha
  1745 | D:2      | Killed Natasha
  1746 | D:2      | Reached XP level 5. HP: 5/23 MP: 1/9
  1747 | D:2      | Noticed Natasha
  2090 | D:2      | Slain by Natasha
  2091 | D:2      | Reached XP level 4. HP: -3/20 MP: 5/8
  2180 | D:2      | Killed Natasha
  2328 | D:3      | Noticed Robin
  2338 | D:3      | Slain by a hobgoblin

Illustrated notes

Levels and vault maps discovered:
D:1:      nicolae_arrival_kraken_aquarium_b, layout_basic
D:2:      layout_rooms, uniq_jessica, uniq_natasha
D:3:      layout_loops_cross, uniq_grinder, uniq_robin

Skill      XL: |  1  2  3  4 |
---------------+-------------+-----
Fighting       | 1 2 |  2.5
Unarmed Combat | 1 2 |  2.4
Stealth        | 3 4 |  4.3
Dodging        | 3 4 |  4.1
Spellcasting   | |  2.0
Necromancy     | |  4.0
Evocations     | |  0.9

Action                     |  1- 3 |  4- 6 || total
---------------------------+-------+-------++-------
  Melee: Unarmed           |    39 |    12 ||    51
         Bite              |     6 |     2 ||     8
         Punch             |     1 |       ||     1
   Cast: Necrotise         |    57 |    62 ||   119
  Evoke: Wand              |       |     8 ||     8
    Use: Potion            |     2 |       ||     2
   Stab: Sleeping          |     1 |       ||     1
 Armour: Skin              |     2 |     5 ||     7
  Dodge: Dodged            |    29 |    44 ||    73

Table legend: (Time is in decaauts)
 A = Elapsed time spent in this place.
 B = Non-inter-level travel time spent in this place.
 C = Inter-level travel time spent in this place.
 D = Time resting spent in this place.
 E = Time spent auto-exploring this place.
 F = Levels seen in this place.
 G = Mean time per level.
                   A        B        C        D        E       F      G
               +--------+--------+--------+--------+--------+-----+--------+
         Total |   2112 |   2068 |     44 |    177 |   1478 |   3 |  704.0 |
       Dungeon |   2112 |   2068 |     44 |    177 |   1478 |   3 |  704.0 |
               +--------+--------+--------+--------+--------+-----+--------+

Top non-repeatable levels by time:
     D:1: 1083 daAuts
     D:2: 1012 daAuts
     D:3: 16 daAuts
